 Dungeon Crawl Stone Soup version 0.30.1-3-gfc49f6343a (webtiles) character file.

Game seed: 2103768253472488462

202 CaptainMV the Shooter (level 5, -2/36 HPs)
             Began as a Demonspawn Wanderer on July 24, 2023.
             Slain by Pikel
             ... wielding a +2 whip of electrocution
              (7 damage)
             ... on level 4 of the Dungeon.
             The game lasted 00:26:19 (1911 turns).

CaptainMV the Shooter (Demonspawn Wanderer)         Turns: 1911, Time: 00:26:19

Health: -2/36      AC:  5    Str: 14    XL:     5   Next: 50%
Magic:  0/8        EV: 11    Int: 12    God:
Gold:   0          SH:  4    Dex: 14    Spells: 4/8 levels left

rFire   + . .        b - +0 dagger
rCold   + . .        (no shield)
rNeg    . . .        d - +1 leather armour
rPois   .            (helmet restricted)
rElec   .            r - scarf {rC+ rF+}
rCorr   .            (no gloves)
SInv    .            e - +0 pair of boots
Will    .....        (no amulet)
Stlth   +            (no ring)
HPRegen 0.26/turn    (no ring)
MPRegen 0.11/turn

%: no passive effects
@: very slightly contaminated
A: horns 1, spiny 1, condensation shield
a: no special abilities


You were on level 4 of the Dungeon.
You visited 1 branch of the dungeon, and saw 4 of its levels.

You collected 136 gold pieces.
You spent 136 gold pieces at shops.

Inventory:

Hand Weapons
 a - a +3 sling
 b - a +0 dagger (weapon)
Armour
 d - a +1 leather armour (worn)
 e - a +0 pair of boots (worn)
 r - a scarf of resistance (worn)
Wands
 p - a wand of iceblast (8)
Scrolls
 c - 8 scrolls of teleportation
 f - a scroll of immolation
 j - a scroll of vulnerability
 o - a scroll of identify
 q - a scroll of enchant weapon
Potions
 g - a potion of invisibility
 h - a potion of brilliance
 i - 3 potions of degeneration {unknown}
 k - a potion of heal wounds {unknown}
 l - a potion of attraction {unknown}
 n - a potion of flight {unknown}
 s - a potion of mutation {unknown}


   Skills:
 + Level 0.6 Fighting
 + Level 3.7 Ranged Weapons
 + Level 1.3 Armour
 + Level 1.3 Dodging
 + Level 1.0 Stealth
 + Level 1.0 Shields
 + Level 2.2 Spellcasting
 + Level 0.1 Conjurations
 + Level 2.7 Earth Magic
 + Level 2.1 Evocations


You had 4 spell levels left.
You knew the following spells:

 Your Spells              Type           Power      Damage    Failure   Level
a - Sandblast             Erth           16%        2d6       11%         1
b - Stone Arrow           Conj/Erth      8%         3d7       47%         3

Your spell library contained the following spells:

 Spells                   Type           Power      Damage    Failure   Level
 Summon Guardian Golem    Hex/Summ       1%         N/A       69%         3
 Orb of Destruction       Conj           0%         9d5       100%        7
 Spellforged Servitor     Conj/Summ      0%         N/A       100%        7


Dungeon Overview and Level Annotations

Branches:
Dungeon (4/15)
 Temple: D:4-7

Altars:

Shops:
D:1 [   D:3 *

Annotations:
D:4 Pikel


Innate Abilities, Weirdness & Mutations

You have a pair of small horns on your head.
You are partially covered in sharp spines.
A meltable shield of frost defends you. (SH +4)


Message History

The iceblast engulfs you! You partially resist.
* * * LOW HITPOINT WARNING * * *
You hear a shout!
Casting: Sandblast (safe; 11% risk of failure)
Confirm with . or Enter, or press ? or * to list all spells.
Aiming: Sandblast (safe; 11% risk of failure)
Press: ? - help, Shift-Dir - straight line, f - Pikel
Aim: Pikel, wielding a +2 whip of electrocution and wearing a +0 robe (almost dead, 76% to hit)
The blast of sand hits Pikel but does no damage.
Pikel is almost dead.
Pikel hits you with a +2 whip of electrocution.
* * * LOW HITPOINT WARNING * * *
Pikel barely misses you.
Casting: Sandblast (safe; 11% risk of failure)
Confirm with . or Enter, or press ? or * to list all spells.
Aiming: Sandblast (safe; 11% risk of failure)
Press: ? - help, Shift-Dir - straight line, f/p - Pikel
Aim: Pikel, wielding a +2 whip of electrocution and wearing a +0 robe (almost dead, 76% to hit)
The blast of sand hits Pikel but does no damage.
Pikel is almost dead.
Pikel hits you but does no damage.
Casting: Sandblast (safe; 11% risk of failure)
Confirm with . or Enter, or press ? or * to list all spells.
Aiming: Sandblast (safe; 11% risk of failure)
Press: ? - help, Shift-Dir - straight line, f/p - Pikel
Aim: Pikel, wielding a +2 whip of electrocution and wearing a +0 robe (almost dead, 76% to hit)
You miscast Sandblast.
You are very lightly contaminated with residual magic.
Nothing appears to happen.
Pikel closely misses you.
You hit Pikel but do no damage.
Pikel is almost dead.
Pikel hits you but does no damage.
You hit Pikel.
Pikel is almost dead.
You block Pikel's attack.
You hit Pikel but do no damage.
Pikel is almost dead.
Pikel says, "You'll make a fine lemure."
Pikel hits you with a +2 whip of electrocution!
You die...

#.# #.5.....# .#.#
#.###.### ...## #.# #.#
#######...####.###.#
#.......#.5..#..##.#
#.......####.......#######
#........5K5....#..>......
#......##########.########
.[.....55K@..............#
##......##########.#####.#
#......# #.# #.# +.......#
#.# #.# ##......# #.# #.#
##.##### #.# #.# #. #.#
#.## # #.# #... #.# ####


You could see Pikel and 2 lemures.

Vanquished Creatures
  A lemure (D:4)
  Jessica (D:3)
  Natasha (thrice) (D:2)
  Robin (D:3)
  2 adders (D:2)
  4 dart slugs
  An orc (D:3)
  4 endoplasms
  2 giant cockroaches
  13 goblins
  6 hobgoblins
  A quokka (D:3)
  6 ball pythons
  6 bats
  A frilled lizard (D:1)
  7 kobolds
  8 rats
67 creatures vanquished.

Notes
Turn   | Place    | Note
-------+----------+-------------------------------------------
     0 | D:1      | CaptainMV the Demonspawn Wanderer began the quest for the
                  | Orb.
     0 | D:1      | CaptainMV set off with the following items: a +2 sling, a
                  | +0 pair of boots, a scroll of teleportation, a +0 leather
                  | armour; and the following spell memorised: Sandblast; and
                  | the following spells available to memorise: Stone Arrow.
     0 | D:1      | Reached XP level 1. HP: 13/13 MP: 2/2
   105 | D:1      | Gained mutation: A meltable shield of frost defends you.
                  | (SH +4) [demonic ancestry]
   105 | D:1      | Reached XP level 2. HP: 19/19 MP: 0/3
   213 | D:1      | Reached skill level 3 in Ranged Weapons
   279 | D:1      | Found Kajix's Armour Boutique.
   508 | D:2      | Noticed Natasha
   521 | D:2      | Killed Natasha
   522 | D:2      | Gained mutation: You are partially covered in sharp spines.
                  | [demonic ancestry]
   522 | D:2      | Reached XP level 3. HP: 16/24 MP: 0/5
   679 | D:2      | Noticed Natasha
   684 | D:2      | Killed Natasha
   685 | D:2      | Gained mutation: You have a pair of small horns on your
                  | head. [demonic ancestry]
   685 | D:2      | Reached XP level 4. HP: 15/30 MP: 0/6
   823 | D:2      | Reached skill level 1 in Shields
   865 | D:2      | Noticed Natasha
   870 | D:2      | Killed Natasha
  1204 | D:3      | Reached XP level 5. HP: 36/36 MP: 5/8
  1208 | D:3      | Learned a level 3 spell: Stone Arrow
  1315 | D:3      | Noticed Jessica
  1322 | D:3      | Killed Jessica
  1365 | D:3      | Found a faded altar of an unknown god.
  1365 | D:3      | Noticed Robin
  1397 | D:3      | Killed Robin
  1438 | D:3      | Found Zirit's Assorted Antiques.
  1724 | D:3      | Bought an embroidered scarf for 136 gold pieces
  1870 | D:4      | Noticed a lemure
  1882 | D:4      | Noticed a lemure
  1882 | D:4      | Noticed a lemure
  1883 | D:4      | Noticed Pikel
  1888 | D:4      | Noticed a lemure
  1905 | D:4      | Killed a lemure
  1911 | D:4      | Slain by Pikel

Illustrated notes

Levels and vault maps discovered:
D:1:      scummos_arrival_simple_fountains, layout_loops_ring, serial_shops,
          shop, minmay_tripent
D:2:      layout_loops_ring, minivault_24, due_unseen_surprise, uniq_natasha
D:3:      layout_basic, serial_shops, nicolae_lakefront_shop,
          ebering_ecumenical_altar_petrified, chequers_serial_rivers_large_b,
          kennysheep_jessica_study, uniq_robin
D:4:      layout_basic, ebering_ghost_reflecting_pool, uniq_pikel, uniq_duvessa

Skill      XL: |  1  2  3  4 |
---------------+-------------+-----
Ranged Weapons | 3 |  3.7
Earth Magic    | 2 |  2.7
Shields        | 1 |  1.0
Spellcasting   | 2 |  2.2
Fighting       | |  0.6
Armour         | |  1.3
Dodging        | |  1.3
Stealth        | |  1.0
Conjurations   | |  0.1
Evocations     | |  2.1

Action                     |  1- 3 |  4- 6 || total
---------------------------+-------+-------++-------
  Melee: Dagger            |    12 |    27 ||    39
         Headbutt          |       |    10 ||    10
         Punch             |       |     1 ||     1
   Fire: Sling             |    24 |    24 ||    48
   Cast: Sandblast         |    25 |    34 ||    59
         Stone Arrow       |       |     3 ||     3
  Evoke: Wand              |       |     2 ||     2
    Use: Scroll            |     4 |     4 ||     8
         Potion            |       |     2 ||     2
 Armour: Leather armour    |     6 |    14 ||    20
  Dodge: Dodged            |    16 |    21 ||    37
  Block: Other             |     3 |     7 ||    10
